Map: Romanticide LE

Players

Angel

  • Race: Protoss Protoss
  • League: Platinum

Massa - Winner!

  • Race: Terran Terran
  • League: Platinum

VOD

Have the link to the VOD?

Description

Time

  • Played on: April 29, 2021, 3:01 p.m.
  • Length: 7:31
Show
View Real Time Build Order
Export as new Build Order

Angel Protoss 

Build Orders:  

Get SALT Encoding   

  12  0:00  Probe  
  13  0:12  Probe  
  14  0:18  Pylon  
  14  0:24  Probe  
  15  0:36  Probe  
  15  0:37  Gateway  
  16  0:48  Probe  
  17  0:53  Assimilator  
  17  0:55  Assimilator  
  17  1:01  Probe  
  18  1:06  Gateway  
  18  1:13  Probe  
  19  1:25  Probe  
  19  1:31  Cybernetics Core  
  20  1:37  Probe  
  21  1:42  Pylon  
  21  1:50  Probe  
  22  2:04  Warp Gate (Chrono Boost)  
  22  2:07  Stalker x2  
  26  2:18  Gateway  
  26  2:20  Gateway  
  26  2:24  Probe  
  26  2:48  Stalker (Chrono Boost)  
  30  2:55  Stalker (Chrono Boost)  
  30  3:05  Probe  
  31  3:11  Pylon  
  31  3:12  Pylon  
  31  3:23  Pylon  
  31  3:43  Stalker x3  
  31  3:44  Stalker  
  39  4:09  Pylon  
  35  4:20  Stalker x2  
  35  4:21  Stalker x2  
  29  4:47  Stalker x4  
  31  5:04  Twilight Council  
  31  5:21  Pylon  
  31  5:23  Pylon  
  31  5:46  Dark Shrine  
  31  5:57  Nexus  
  31  7:00  Dark Templar x2  
  31  7:01  Dark Templar x2  
Show
View Real Time Build Order
Export as new Build Order

Massa Terran - Winner!

Build Orders: Gas First Reaper Expand 

Get SALT Encoding   

  12  0:00  SCV  
  13  0:12  SCV  
  14  0:17  Supply Depot  
  14  0:24  SCV  
  14  0:27  Refinery  
  15  0:38  SCV  
  16  0:45  Barracks  
  16  0:51  SCV  
  17  1:03  SCV  
  18  1:15  SCV  
  19  1:32  Reaper  
  20  1:33  Orbital Command  
  20  1:47  Command Center  
  20  1:57  Factory  
  20  2:00  SCV  
  21  2:05  Barracks Reactor  
  21  2:14  SCV  
  22  2:26  Bunker  
  22  2:27  SCV  
  23  2:34  Refinery  
  23  2:44  Supply Depot  
  23  2:47  Factory Tech Lab  
  23  2:59  SCV, Marine x2  
  23  3:01  Supply Depot  
  23  3:02  Orbital Command  
  26  3:10  Cyclone  
  29  3:16  Marine x2  
  31  3:40  Marine  
  31  3:41  Marine  
  33  3:42  Siege Tank  
  33  3:43  SCV x2  
  38  3:51  Starport  
  38  3:55  SCV x2  
  40  3:58  Marine  
  41  4:07  SCV, Marine  
  43  4:16  Marine  
  43  4:25  Bunker  
  40  4:32  Marine  
  40  4:34  Marine  
  38  4:46  Starport Tech Lab  
  38  4:47  Siege Tank  
  38  4:50  Marine  
  38  4:52  SCV x2, Marine  
  42  5:01  Supply Depot  
  42  5:04  SCV x2  
  42  5:06  Command Center  
  44  5:08  Marine  
  44  5:09  Marine  
  44  5:10  Barracks  
  44  5:12  Barracks  
  46  5:19  Siege Tank  
  49  5:26  Marine  
  49  5:27  Marine  
  51  5:44  Marine  
  51  5:45  Marine  
  51  5:47  SCV, Engineering Bay x2  
  51  5:48  SCV  
  55  5:52  Supply Depot  
  55  5:54  Supply Depot  
  55  5:55  Raven  
  57  6:00  Barracks Tech Lab x2  
  57  6:01  Marine  
  57  6:03  SCV, Marine  
  60  6:04  SCV  
  61  6:15  SCV, Sensor Tower  
  61  6:17  Supply Depot  
  62  6:19  Missile Turret, Supply Depot  
  62  6:35  Refinery  
  62  6:36  SCV x3  
  62  6:37  Refinery  
  65  6:48  SCV x2  
  67  7:01  Marauder  
  67  7:02  Marauder, Marine x2  
  73  7:10  SCV x3  
  80  7:23  Armory  
  84  7:29  Missile Turret  
Tags
 
Add a new tag
Caveats
  • Supply blocks, unpowered buildings, or Contaminate may cause inaccurate times.
  • Supply counts are checked every 10 seconds.